Map: Acid Plant LE

Players

MperorMmm (MperorM)

  • Race: Terran Terran
  • Spawn Location: 11:00

Light - Winner!

  • Race: Protoss Protoss
  • Spawn Location: 5:00

Event: WCS Leipzig 2018

VOD

Have the link to the VOD?

Description

Time

  • Played on: Jan. 26, 2018, 7:04 a.m.
  • Length: 11:58

All games in this series

Show
View Real Time Build Order
Export as new Build Order

MperorMmm Terran 

Build Orders: Bio Tank, Banshee Rush 

Get SALT Encoding   

  12  0:00  SCV  
  13  0:12  SCV  
  14  0:17  Supply Depot  
  14  0:25  SCV  
  15  0:28  Refinery  
  15  0:38  SCV  
  16  0:44  Barracks  
  16  0:50  SCV  
  17  1:02  SCV  
  18  1:14  SCV  
  19  1:30  Orbital Command  
  19  1:31  Reaper  
  20  1:54  Factory  
  20  1:57  SCV  
  21  2:01  Command Center  
  21  2:08  Barracks Tech Lab  
  21  2:11  Supply Depot  
  21  2:15  Refinery  
  21  2:19  SCV  
  22  2:26  Marine  
  23  2:33  SCV  
  24  2:41  Starport  
  24  2:42  Factory Tech Lab  
  24  2:45  SCV  
  24  2:47  Marine  
  26  2:57  SCV  
  27  3:05  Bunker  
  27  3:09  SCV  
  28  3:21  SCV  
  28  3:24  Banshee, Cloaking Field  
  32  3:29  Marine  
  32  3:32  Barracks  
  32  3:33  SCV  
  34  3:37  Orbital Command  
  34  3:46  SCV  
  34  3:47  Stimpack  
  35  3:58  SCV, Marine  
  37  4:03  Supply Depot  
  37  4:04  SCV  
  37  4:07  Banshee  
  41  4:10  SCV  
  41  4:16  Refinery, SCV  
  41  4:17  Marine  
  43  4:19  Barracks Reactor  
  43  4:22  Barracks  
  43  4:23  SCV  
  45  4:28  SCV  
  45  4:30  Supply Depot  
  46  4:35  SCV  
  47  4:41  SCV, Marauder  
  50  4:48  SCV  
  51  4:53  SCV  
  51  4:57  Supply Depot  
  55  5:00  SCV  
  53  5:10  SCV  
  53  5:14  SCV  
  52  5:17  Marine  
  52  5:18  Marine  
  52  5:19  Barracks Tech Lab  
  51  5:22  SCV, Command Center, Engineering Bay  
  51  5:25  Refinery, Engineering Bay  
  51  5:26  SCV  
  53  5:30  Factory Tech Lab  
  53  5:34  SCV  
  53  5:35  Marine x2  
  54  5:36  Marine  
  54  5:37  Marine  
  54  5:39  SCV, Concussive Shells  
  58  5:46  SCV  
  58  5:47  Combat Shields  
  58  5:48  Siege Tank  
  62  5:50  Terran Infantry Weapons Level 1, Terran Infantry Armor Level 1  
  62  5:51  SCV  
  62  5:53  Marauder, Marine x2  
  67  5:58  SCV, Marauder  
  70  6:05  Starport  
  70  6:10  Supply Depot  
  70  6:17  Supply Depot  
  70  6:23  SCV  
  70  6:27  Marine  
  70  6:28  Marine  
  70  6:31  SCV  
  70  6:32  Siege Tank, Marauder x2  
  76  6:35  SCV  
  76  6:37  Orbital Command  
  73  6:44  Starport Reactor  
  73  6:46  SCV  
  72  6:48  SCV, Armory  
  72  6:50  Refinery  
  72  6:51  Marine x2  
  74  6:55  Marauder  
  74  6:56  Marauder  
  74  6:58  SCV  
  74  7:00  SCV  
  80  7:02  Orbital Command  
  80  7:04  Siege Tank  
  81  7:16  Marine  
  81  7:17  Marine, Marauder  
  81  7:18  SCV  
  81  7:20  Medivac x2  
  81  7:21  SCV  
  91  7:26  Marauder  
  91  7:27  Refinery  
  91  7:28  SCV  
  94  7:30  SCV  
  94  7:31  Barracks x2  
  94  7:36  Siege Tank  
  95  7:43  Marine x2  
  99  7:44  SCV, Marauder  
  99  7:45  SCV, Terran Infantry Armor Level 2  
  99  7:49  Supply Depot  
  99  7:50  Refinery, Supply Depot  
  101  7:52  Supply Depot  
  101  8:03  Terran Infantry Weapons Level 2  
  101  8:10  Marine x2  
  101  8:11  SCV x3, Marauder x2  
  110  8:18  Siege Tank  
  113  8:20  Barracks Reactor  
  113  8:21  Barracks Tech Lab  
  113  8:22  Barracks  
  113  8:23  SCV x3, Barracks  
  111  8:35  SCV  
  111  8:37  Medivac  
  111  8:38  SCV, Medivac, Marine x2  
  111  8:39  Marauder x2  
  111  8:40  SCV  
  124  8:43  Supply Depot, Command Center  
  124  8:46  Supply Depot  
  124  8:50  Liberator  
  124  8:52  Liberator  
  124  8:59  Marine  
  125  9:04  Marine x3  
  125  9:05  Supply Depot, Siege Tank, Marauder  
  125  9:07  SCV  
  140  9:10  SCV  
  140  9:13  Barracks Reactor  
  140  9:15  Barracks Tech Lab  
  141  9:23  Supply Depot  
  141  9:24  Supply Depot x2  
  141  9:27  SCV, Marauder x2  
  141  9:28  Marine, Marauder  
  141  9:30  Supply Depot  
  149  9:32  Marine x3  
  149  9:34  Liberator  
  149  9:37  Siege Tank  
  151  9:45  SCV, Liberator  
  124  9:47  Marine x2  
  124  9:48  Marine, Marauder  
  124  9:49  Marauder  
  112  9:53  Marine x5  
  112  9:58  SCV x2  
  114  10:05  Marine  
  114  10:06  Marauder x2  
  122  10:09  Siege Tank  
  122  10:10  Marine  
  126  10:16  Marine x6  
  132  10:22  Marine  
  132  10:26  Marine  
  132  10:27  Marine  
  135  10:29  Marine  
  135  10:34  Marine x2  
  135  10:35  Marauder  
  140  10:37  Marine x3  
  140  10:40  Marine  
  140  10:41  Planetary Fortress, Siege Tank  
  147  10:44  Marine  
  147  10:46  Refinery  
  147  10:47  Marauder  
  150  10:50  Marine  
  150  10:52  Marine x2  
  150  10:54  Marine  
  150  10:55  Refinery, Marine x2  
  150  10:56  Marine  
  157  10:58  Marine  
  157  11:03  Marauder  
  160  11:09  Marauder x2  
  164  11:13  Marine x3  
  164  11:14  Marine x2  
  164  11:15  Marauder  
  171  11:23  Marine  
  171  11:25  Marauder, Siege Tank  
  168  11:33  Marine  
  168  11:34  SCV, Marauder  
  168  11:39  Marine  
  153  11:43  SCV  
  153  11:44  SCV  
Show
View Real Time Build Order
Export as new Build Order

Light Protoss - Winner!

Build Orders: 1 Gate Expand, Blink Stalkers 

Get SALT Encoding   

  12  0:00  Probe  
  13  0:12  Probe  
  14  0:17  Pylon  
  14  0:25  Probe (Chrono Boost)  
  15  0:37  Probe (Chrono Boost), Gateway  
  16  0:44  Probe (Chrono Boost)  
  16  0:47  Assimilator  
  17  0:51  Probe  
  18  1:03  Probe  
  19  1:15  Probe  
  20  1:27  Nexus  
  20  1:31  Probe  
  21  1:41  Cybernetics Core  
  21  1:45  Probe  
  22  1:52  Pylon  
  22  1:59  Pylon  
  22  2:03  Assimilator  
  22  2:04  Probe  
  23  2:15  Stalker (Chrono Boost)  
  23  2:18  Probe  
  23  2:19  Warp Gate  
  26  2:30  Twilight Council  
  26  2:31  Probe (Chrono Boost)  
  26  2:37  Stalker  
  26  2:41  Probe (Chrono Boost)  
  30  2:44  Probe (Chrono Boost)  
  31  2:51  Probe (Chrono Boost)  
  31  2:52  Probe (Chrono Boost)  
  31  2:56  Probe (Chrono Boost)  
  33  3:00  Blink (Chrono Boost)  
  33  3:03  Probe  
  34  3:11  Pylon  
  34  3:13  Probe  
  34  3:17  Probe  
  36  3:21  Stalker  
  36  3:25  Probe  
  39  3:30  Probe  
  40  3:37  Probe  
  40  3:38  Gateway  
  41  3:42  Probe  
  41  3:46  Gateway  
  42  3:49  Probe  
  42  3:54  Robotics Facility  
  43  3:56  Probe  
  43  4:02  Probe  
  45  4:04  Pylon  
  45  4:08  Probe  
  46  4:13  Assimilator  
  46  4:14  Probe  
  47  4:20  Probe  
  47  4:21  Pylon  
  47  4:22  Stalker  
  50  4:26  Probe  
  51  4:32  Probe  
  51  4:38  Probe, Stalker  
  53  4:41  Observer (Chrono Boost)  
  53  4:44  Probe  
  55  4:47  Assimilator, Charge  
  55  4:50  Probe  
  55  4:51  Stalker  
  56  4:58  Observer  
  55  5:04  Probe  
  55  5:14  Probe  
  55  5:17  Probe  
  55  5:20  Shield Battery  
  56  5:26  Probe  
  57  5:28  Stalker x2  
  57  5:29  Probe, Stalker  
  64  5:38  Probe  
  64  5:40  Nexus  
  64  5:42  Probe, Pylon  
  66  5:50  Probe  
  66  5:51  Pylon  
  66  5:52  Observer (Chrono Boost)  
  68  5:57  Probe  
  69  6:06  Observer (Chrono Boost)  
  69  6:10  Stalker x3  
  76  6:16  Gateway  
  76  6:17  Gateway  
  76  6:20  Gateway  
  76  6:30  Probe x2  
  78  6:39  Stalker x3  
  82  6:42  Probe x2  
  82  6:43  Pylon  
  82  6:45  Pylon  
  82  6:54  Probe x2  
  82  6:57  Forge  
  82  6:59  Probe, Forge  
  87  7:12  Stalker x3  
  87  7:19  Stalker x2  
  87  7:20  Stalker  
  93  7:28  Protoss Ground Weapons Level 1 (Chrono Boost), Protoss Ground Armor Level 1 (Chrono Boost)  
  91  7:33  Warp Prism (Chrono Boost)  
  89  7:40  Stalker x3  
  89  7:42  Probe x2  
  97  7:46  Pylon  
  97  8:01  Probe x3  
  100  8:06  Immortal (Chrono Boost)  
  100  8:10  Nexus  
  100  8:11  Sentry x3  
  110  8:13  Zealot x2  
  110  8:14  Zealot  
  116  8:29  Probe  
  116  8:30  Probe  
  116  8:31  Pylon  
  116  8:36  Zealot x4  
  124  8:41  Pylon  
  124  8:43  Pylon  
  124  8:44  Pylon  
  124  8:47  Probe  
  125  8:49  Probe x2  
  125  8:50  Protoss Ground Weapons Level 2 (Chrono Boost), Pylon  
  125  8:51  Protoss Ground Armor Level 2 (Chrono Boost)  
  127  8:55  Robotics Facility  
  127  8:57  Robotics Bay  
  127  8:59  Probe  
  127  9:02  Assimilator  
  128  9:05  Assimilator  
  128  9:10  Zealot x3  
  128  9:15  Zealot x2  
  128  9:17  Zealot  
  140  9:30  Zealot x3  
  132  9:47  Colossus (Chrono Boost)  
  132  9:50  Stalker x4  
  140  9:57  Colossus (Chrono Boost)  
  140  9:58  Extended Thermal Lance (Chrono Boost)  
  136  10:00  Zealot x2  
  140  10:10  Probe x3  
  143  10:16  Zealot x2  
  143  10:17  Zealot x2  
  150  10:23  Gateway x2  
  150  10:24  Gateway  
  150  10:33  Colossus (Chrono Boost)  
  156  10:36  Zealot x2  
  156  10:39  Zealot x2  
  164  10:51  Zealot x2  
  168  10:58  Zealot x2  
  168  10:59  Zealot x2  
  168  11:03  Pylon x2  
  176  11:05  Pylon  
  176  11:12  Zealot  
  176  11:13  Zealot  
  179  11:23  Zealot x7  
  191  11:37  Zealot  
  191  11:38  Zealot  
  131  11:47  Zealot  
  131  11:48  Zealot x6  
Tags
 
Add a new tag
Caveats
  • Supply blocks, unpowered buildings, or Contaminate may cause inaccurate times.
  • Supply counts are checked every 10 seconds.